AoeStats
← faysaladn

Arabia

509711675Analyzed
1v1 RM · 4d ago on Sep 27, 2026· 14m 5s· 2 players
Game mode
Random Map
Map size
Tiny (2 player)
Population
200
Speed
Normal
Resources
Standard
Victory
Conquest
Starting age
Dark Age
Ending age
Imperial Age
RankedLock teamsTeams togetherTeam positionsShared explorationLock speedFull tech treeHidden civsTurbo modeCheats
Victory
Defeat
🇹🇷 Goths · Türkiye
922
+17
🇪🇸 Saracens · Spain
945
-17
faysaladn
1:03 Loom
11:10 Feudal Age
11:18 Man-at-Arms
13:52 Scale Mail Armor
Moka
5:24 Loom
7:34 Loom
10:35 Feudal Age
11:03 Double-Bit Axe
10:59 Horse Collar
Connection lost

Rejoining the realm…

Still unreachable

The connection could not be restored.

Session expired

The server has moved on; the page needs a fresh start.